Map: Korhal Carnage Knockout LE

Players

none

  • Race: Protoss Protoss
  • League: Gold

capac - Winner!

  • Race: Terran Terran

VOD

Have the link to the VOD?

Description

Time

  • Played on: March 30, 2016, 2:11 p.m.
  • Length: 11:29
Show
View Real Time Build Order
Export as new Build Order

none Protoss 

Build Orders:  

Get SALT Encoding   

  12  0:01  Probe (Chrono Boost)  
  13  0:12  Probe (Chrono Boost)  
  14  0:18  Pylon  
  14  0:24  Probe (Chrono Boost)  
  15  0:33  Assimilator  
  15  0:36  Probe (Chrono Boost)  
  16  0:47  Probe (Chrono Boost), Gateway  
  17  0:59  Probe (Chrono Boost)  
  18  1:09  Probe (Chrono Boost)  
  19  1:19  Pylon  
  19  1:20  Probe (Chrono Boost)  
  20  1:26  Gateway  
  20  1:36  Probe (Chrono Boost)  
  20  1:46  Cybernetics Core, Probe (Chrono Boost)  
  21  1:49  Assimilator  
  21  1:57  Probe (Chrono Boost)  
  22  2:08  Probe (Chrono Boost)  
  23  2:19  Probe (Chrono Boost)  
  24  2:25  Nexus  
  24  2:27  Warp Gate  
  24  2:30  Adept  
  26  2:37  Adept  
  29  2:44  Probe (Chrono Boost)  
  29  2:53  Pylon  
  29  2:55  Probe (Chrono Boost)  
  30  3:05  Probe (Chrono Boost)  
  31  3:23  Probe (Chrono Boost)  
  32  3:27  Pylon  
  32  3:31  Pylon  
  32  3:33  Probe (Chrono Boost)  
  33  3:38  Probe (Chrono Boost)  
  34  3:42  Robotics Facility  
  34  3:44  Probe (Chrono Boost)  
  35  3:49  Probe (Chrono Boost)  
  35  3:54  Probe (Chrono Boost)  
  37  3:59  Probe (Chrono Boost)  
  38  4:05  Probe (Chrono Boost)  
  38  4:06  Gateway  
  38  4:09  Gateway  
  39  4:10  Pylon  
  39  4:12  Pylon  
  39  4:14  Probe (Chrono Boost)  
  39  4:16  Probe (Chrono Boost)  
  42  4:24  Probe (Chrono Boost), Assimilator  
  42  4:26  Probe (Chrono Boost)  
  43  4:33  Observer  
  43  4:35  Probe (Chrono Boost)  
  43  4:37  Probe (Chrono Boost)  
  46  4:43  Stalker x2  
  50  4:51  Pylon  
  50  4:54  Gateway  
  50  4:57  Gateway  
  50  5:01  Gateway x2  
  50  5:13  Immortal  
  55  5:14  Probe x2 (Chrono Boost)  
  55  5:21  Assimilator  
  56  5:25  Probe x2 (Chrono Boost)  
  56  5:28  Sentry x2  
  60  5:29  Sentry  
  60  5:35  Probe x2 (Chrono Boost)  
  66  5:39  Zealot  
  68  5:46  Probe (Chrono Boost), Mothership Core (Chrono Boost)  
  68  5:48  Twilight Council  
  71  5:52  Forge  
  71  5:56  Probe (Chrono Boost), Forge  
  72  6:00  Immortal  
  72  6:03  Stalker x2  
  80  6:05  Sentry x2  
  84  6:16  Probe (Chrono Boost)  
  84  6:17  Probe (Chrono Boost)  
  86  6:24  Stalker x3  
  92  6:27  Probe x2 (Chrono Boost)  
  92  6:29  Protoss Ground Weapons Level 1  
  92  6:31  Pylon  
  92  6:32  Pylon  
  94  6:35  Pylon  
  94  6:42  Resonating Glaives (Chrono Boost)  
  94  6:44  Protoss Ground Armor Level 1  
  94  6:53  Adept x4  
  102  6:55  Adept  
  104  7:03  Immortal  
  108  7:15  Probe  
  108  7:16  Probe  
  108  7:18  Stalker x3  
  108  7:22  Adept  
  118  7:52  Pylon  
  118  7:56  Pylon  
  118  8:10  Probe, Immortal  
  123  8:16  Adept x2  
  123  8:17  Adept x3  
  132  8:49  Warp Prism  
  80  9:21  Zealot x4  
  80  9:22  Zealot x2  
  80  9:23  Stalker  
  74  9:33  Immortal  
  78  9:43  Stalker x4  
  78  9:44  Adept  
  78  9:45  Adept  
  90  9:46  Gateway  
  90  9:47  Gateway x2  
  90  9:55  Templar Archives  
  90  9:59  Gateway  
  88  10:17  Adept x5  
  88  10:18  Adept x2  
  74  10:40  Stalker x3  
  74  10:41  Stalker x4  
  84  10:45  Immortal (Chrono Boost)  
  88  10:57  Adept  
  88  10:58  Adept x2  
  70  11:19  Zealot x4  
Show
View Real Time Build Order
Export as new Build Order

capac Terran - Winner!

Build Orders: MMM Bio 

Get SALT Encoding   

  12  0:00  SCV  
  13  0:13  SCV  
  14  0:27  Supply Depot  
  14  0:28  SCV  
  15  0:49  SCV  
  16  0:51  Barracks  
  16  0:55  Refinery  
  16  1:05  SCV  
  17  1:23  SCV  
  18  1:38  SCV  
  18  1:39  Command Center  
  19  1:43  Barracks Reactor  
  19  1:50  SCV  
  20  2:08  Supply Depot  
  20  2:14  Orbital Command  
  20  2:25  Marine x2  
  22  2:33  Factory  
  22  2:43  Marine x2  
  24  2:52  Orbital Command  
  24  2:56  Bunker  
  24  2:58  SCV  
  25  3:02  Marine  
  27  3:12  SCV  
  27  3:15  Refinery  
  26  3:25  Factory Tech Lab, SCV  
  26  3:26  Supply Depot  
  27  3:30  SCV  
  28  3:37  SCV  
  29  3:45  Starport  
  29  3:51  Siege Tank  
  32  3:56  Marine x2  
  32  4:01  SCV x2  
  36  4:11  Barracks  
  36  4:16  Marine  
  36  4:17  Marine  
  38  4:36  Marine x2  
  40  4:43  SCV x2  
  40  4:45  Starport Reactor  
  42  4:46  Siege Tank  
  45  4:54  Marine x2  
  45  4:56  SCV x2  
  45  4:58  Engineering Bay  
  49  5:00  Barracks Tech Lab, Barracks  
  49  5:05  Supply Depot  
  49  5:12  Marine x2, SCV  
  49  5:13  SCV  
  53  5:23  Marine, Stimpack  
  53  5:26  SCV x2  
  56  5:29  Marine  
  57  5:35  Marine  
  57  5:38  Siege Tank  
  61  5:43  Supply Depot  
  61  5:44  SCV  
  61  5:46  Refinery  
  61  5:48  Terran Infantry Weapons Level 1  
  62  5:52  Barracks Reactor  
  62  5:53  Barracks  
  62  6:05  SCV  
  62  6:07  SCV  
  62  6:08  Marine x3  
  67  6:13  Siege Tank  
  67  6:17  Supply Depot  
  70  6:20  Refinery, SCV, Medivac  
  70  6:21  SCV  
  74  6:32  Marine, SCV  
  75  6:33  Marine x2  
  75  6:38  Marine x2, Command Center  
  80  6:40  Supply Depot  
  80  6:53  SCV x2  
  80  6:54  Marine x3  
  83  6:57  Barracks Reactor  
  83  7:00  Armory  
  85  7:05  Supply Depot  
  85  7:08  Engineering Bay  
  85  7:09  SCV x2  
  85  7:14  Medivac  
  89  7:17  Medivac  
  91  7:23  SCV x2  
  91  7:26  Combat Shields  
  93  7:36  Terran Infantry Armor Level 1  
  93  7:44  Medivac  
  93  7:47  Supply Depot, Medivac  
  93  7:49  Terran Infantry Weapons Level 2  
  97  8:02  Marine  
  97  8:03  Marine x4  
  97  8:04  Marine  
  103  8:13  Starport  
  103  8:14  Supply Depot  
  103  8:15  Supply Depot  
  103  8:18  Medivac x2  
  107  8:40  Supply Depot  
  107  8:41  Supply Depot  
  107  8:42  Siege Tank  
  107  8:47  Marine  
  107  8:48  Marine x5, Medivac  
  116  8:50  Marauder  
  116  8:51  Concussive Shells  
  116  8:52  Starport Reactor  
  95  9:20  Marine x3  
  96  9:28  Marine  
  96  9:29  Marine x3  
  97  9:48  Marine x2  
  97  9:49  Marine x5, Liberator x4  
  104  10:00  SCV x2  
  104  10:04  Siege Tank  
  104  10:06  Marine x3  
  124  10:08  Marauder  
  124  10:12  SCV  
  117  10:51  Marine x2  
  117  10:52  Marine x4  
  117  10:53  Marine  
Tags
 
Add a new tag
Caveats
  • Supply blocks, unpowered buildings, or Contaminate may cause inaccurate times.
  • Supply counts are checked every 10 seconds.